 Dungeon Crawl Stone Soup version 0.26-a0-638-gcca6ad1b57 (webtiles) character file.

Game seed: 3841704408567392012

3966 DogServant the Thaumaturge (level 10, -6/58 HPs)
             Began as a Deep Elf Conjurer on Sept 14, 2020.
             Was an Initiate of Vehumet.
             Mangled by Harold
             ... wielding a +0 long sword
              (18 damage)
             ... on level 9 of the Dungeon.
             The game lasted 00:22:03 (11151 turns).

DogServant the Thaumaturge (Deep Elf Conjurer)     Turns: 11151, Time: 00:22:04

Health: -6/58      AC:  6    Str:  4    XL:     10   Next: 2%
Magic:  13/26      EV:  6    Int: 27    God:    Vehumet [......]
Gold:   463        SH:  0    Dex: 13    Spells: 17/29 levels left

rFire    + . .     SeeInvis .   y - +2 rapier (speed)
rCold    . . .     Faith    .   (no shield)
rNeg     . . .     Spirit   .   D - +3 leather armour {rF+}
rPois    .         Reflect  .   (no helmet)
rElec    .         Harm     .   (no cloak)
rCorr    .         Rampage  .   (no gloves)
MR       +....                  (no boots)
Stlth    ++........             (no amulet)
HPRegen  0.19/turn              (no ring)
MPRegen  0.20/turn              (no ring)

@: swift, marked, held, very quick
A: no striking features
a: Renounce Religion


You were on level 9 of the Dungeon.
You worshipped Vehumet.
Vehumet was noncommittal.
You visited 2 branches of the dungeon, and saw 10 of its levels.

You collected 463 gold pieces.

Inventory:

Hand Weapons
 y - a +2 rapier of speed (weapon)
Armour
 i - a +0 cloak
 D - a +3 leather armour of fire resistance (worn)
 F - a +2 pair of gloves
Jewellery
 b - an uncursed ring of see invisible
 w - an uncursed ring of protection from magic
 I - a +4 ring of slaying
Wands
 a - a wand of iceblast (5)
 r - a wand of random effects (44)
 E - a wand of disintegration (5)
 H - a wand of flame (8)
Scrolls
 c - a scroll of remove curse
 d - 3 scrolls of blinking
 e - a scroll of teleportation
 f - a scroll of fear
 g - a scroll of magic mapping
 j - a scroll of fog
 n - 2 scrolls of amnesia
 t - a scroll of enchant armour
Potions
 l - a potion of cancellation
 p - a potion of brilliance
 q - 2 potions of curing
 s - a potion of lignification
 v - 3 potions of flight
 z - 3 potions of heal wounds {unknown}
 A - a potion of stabbing {unknown}
 B - 3 potions of ambrosia {unknown}
 C - 2 potions of haste {unknown}
 J - a potion of might {unknown}


   Skills:
 + Level 4.9 Fighting
 - Level 3.3 Armour
 - Level 3.4 Dodging
 - Level 2.6 Stealth
 + Level 10.1 Spellcasting
 + Level 9.7 Conjurations
 + Level 4.8 Hexes
 + Level 3.6 Air Magic


You had 17 spell levels left.
You knew the following spells:

 Your Spells              Type           Power        Failure   Level
a - Magic Dart            Conj           ####         1%          1
b - Searing Ray           Conj           ######       1%          2
c - Dazzling Flash        Conj/Hex       ######       1%          3
d - Fulminant Prism       Conj/Hex       ######....   3%          4
e - Swiftness             Air            ####....     2%          2

Your spell library contained the following spells:

 Spells                   Type           Power        Failure   Level
 Shock                    Conj/Air       ####         1%          1
 Static Discharge         Conj/Air       #####...     1%          3
 Iskenderun's Mystic Bla  Conj/Tloc      #####...     10%         4
 Lightning Bolt           Conj/Air       #####.....   13%         5
 Airstrike                Air            ####......   16%         4


Dungeon Overview and Level Annotations

Branches:
Dungeon (9/15)             Temple (1/1) D:7
   Lair: D:8-11         Orc: D:9-12

Altars:
Ashenzari
Cheibriados
Dithmenos
Elyvilon
Gozag
Hepliaklqana
Kikubaaqudgha
Makhleb
Nemelex Xobeh
Okawaru
Qazlal
Ru
Sif Muna
Trog
Uskayaw
Vehumet
Wu Jian
Xom
Yredelemnul
Zin
The Shining One

Shops:
D:5 =

Annotations:
D:9 Harold


Message History

Casting: Searing Ray (safe; 1% risk of failure)
Confirm with . or Enter, or press ? or * to list all spells.
Aiming: Searing Ray (safe; 1% risk of failure)
Press: ? - help, Shift-Dir - straight line, f/p - Harold
Aim: Harold, wielding a +0 long sword, wearing a +3 chain mail of cold resistance and quivering 3 throwing nets (moderately wounded)
The searing ray hits Harold.
Harold is moderately wounded. (Press . to maintain the ray.)
The searing ray hits Harold!
Harold is heavily wounded.
Harold hits you with a +0 long sword!
The searing ray hits Harold!
Harold is heavily wounded.
Harold hits you with a +0 long sword!
* * * LOW HITPOINT WARNING * * *
The searing ray hits Harold.
Harold is heavily wounded.
You finish channeling your searing ray.
Harold hits you but does no damage. Harold hits you with a +0 long sword!!
You die...

#(.# . #..#
.. #..# ...
#..# ....
#..# .<...
#..#
......###..#
......@@..<#
.....#####.#
... #.# .
#.# #.# #.#
#.# #.#


You could see Harold.

Vanquished Creatures
  A hippogriff (D:6)
  A wraith (D:7)
  A wyvern (D:8)
  Eustachio (D:4)
  An ice beast (D:6)
  3 sky beasts
  A black bear (D:6)
  An orc warrior (D:6)
  2 phantoms (D:7)
  8 ogres
  2 centaurs
  5 bullfrogs
  A wyvern skeleton (D:7)
  A water moccasin skeleton (D:7)
  4 killer bees (D:7)
  5 wights (D:7)
  A howler monkey (D:4)
  3 electric eels (D:6)
  A centaur zombie (D:7)
  A quasit (D:6)
  Crazy Yiuf (D:7)
  2 centaur skeletons
  4 hounds
  A jelly (D:8)
  2 orc wizards
  An iguana (D:5)
  A bullfrog skeleton (D:8)
  Ijyb (D:4)
  Natasha (thrice) (D:2)
  5 worker ants
  3 gnolls (D:5)
  11 adders
  A shadow imp (D:5)
  3 white imps
  2 oozes
  4 adder zombies
  3 worms
  A dart slug (D:1)
  3 leopard geckos
  11 orcs
  2 ball pythons
  6 giant cockroaches
  6 goblins
  10 hobgoblins
  4 jackals (D:6)
  5 kobolds
  3 quokkas
  7 bats
  3 frilled lizards
  A quokka skeleton (D:5)
  7 rats
161 creatures vanquished.

Vanquished Creatures (others)
  3 fungi (D:7)
  A plant (D:6)
4 creatures vanquished.

Grand Total: 165 creatures vanquished

Notes
Turn   | Place    | Note
-------+----------+-------------------------------------------
     0 | D:1      | DogServant the Deep Elf Conjurer began the quest for the
                  | Orb.
     0 | D:1      | Reached XP level 1. HP: 10/10 MP: 6/6
   322 | D:1      | Reached XP level 2. HP: 15/15 MP: 6/8
   535 | D:1      | Reached skill level 5 in Conjurations
  1110 | D:1      | Reached XP level 3. HP: 19/19 MP: 5/9
  1430 | D:2      | Reached XP level 4. HP: 24/24 MP: 4/11
  1634 | D:2      | Reached skill level 4 in Spellcasting
  1918 | D:2      | Found a glowing silver altar of Zin.
  1952 | D:2      | Noticed Natasha
  1956 | D:2      | Killed Natasha
  1961 | D:2      | Learned a level 2 spell: Searing Ray
  2065 | D:2      | Noticed Natasha
  2070 | D:2      | Killed Natasha
  2070 | D:2      | Reached XP level 5. HP: 28/28 MP: 8/14
  2304 | D:2      | Noticed Natasha
  2307 | D:2      | Killed Natasha
  2307 | D:2      | Reached skill level 5 in Spellcasting
  2396 | D:2      | Found a shadowy altar of Dithmenos.
  2967 | D:3      | Found an iron altar of Okawaru.
  3559 | D:4      | Reached XP level 6. HP: 32/32 MP: 12/16
  3723 | D:4      | Reached skill level 6 in Spellcasting
  4213 | D:4      | Noticed Eustachio
  4223 | D:4      | Killed Eustachio
  4223 | D:4      | Reached skill level 1 in Fighting
  4223 | D:4      | Reached XP level 7. HP: 31/38 MP: 7/19
  4392 | D:4      | Noticed Ijyb
  4398 | D:4      | Killed Ijyb
  4567 | D:5      | Entered Level 5 of the Dungeon
  4598 | D:5      | Reached skill level 7 in Spellcasting
  4640 | D:5      | Learned a level 3 spell: Dazzling Flash
  4645 | D:5      | Learned a level 4 spell: Fulminant Prism
  4778 | D:5      | Reached skill level 1 in Armour
  4879 | D:5      | Found a snail-covered altar of Cheibriados.
  4994 | D:5      | Found Tonipag's Jewellery Emporium.
  5180 | D:6      | Reached XP level 8. HP: 44/44 MP: 17/21
  5196 | D:6      | Learned a level 2 spell: Swiftness
  5200 | D:6      | Learned a level 3 spell: Static Discharge
  5335 | D:6      | Noticed a hippogriff
  5339 | D:6      | Killed a hippogriff
  5339 | D:6      | Reached skill level 8 in Spellcasting
  5858 | D:6      | Found a transporter.
  6237 | D:6      | Found a transporter.
  7568 | D:7      | Reached XP level 9. HP: 51/52 MP: 18/23
  7634 | D:7      | Reached skill level 9 in Spellcasting
  7634 | D:7      | Reached skill level 1 in Hexes
  7778 | D:7      | Reached skill level 1 in Air Magic
  8665 | D:7      | Found a staircase to the Ecumenical Temple.
  8911 | Temple   | Entered the Ecumenical Temple
  9153 | Temple   | Became a worshipper of Vehumet
  9478 | D:7      | Found a runed translucent door.
  9479 | D:7      | Noticed Crazy Yiuf
  9650 | D:7      | Killed Crazy Yiuf
  9655 | D:7      | Got a transparent mace
  9665 | D:7      | Identified the +10 mace of Conscience {pain, rPois rN++
                  | Int-3} (You found it on level 7 of the Dungeon)
 10367 | D:8      | Reached skill level 10 in Spellcasting
 10630 | D:8      | Found a white marble altar of Elyvilon.
 11048 | D:8      | Reached XP level 10. HP: 58/58 MP: 21/26
 11137 | D:9      | Noticed Harold
 11151 | D:9      | Mangled by Harold

Illustrated notes

Levels and vault maps discovered:
D:1:      minmay_arrival_diagonal_passages, layout_loops_corners
D:2:      layout_loops_ring, nicolae_dithmenos_through_a_glass_darkly,
          lemuel_coloured_pillars_altar, chequers_serial_rivers_micro_c,
          fountainhead, minmay_increasing_density, uniq_natasha
D:3:      layout_basic, okawaru_ov_weapons_minmay, hex_large
D:4:      layout_loops_ring, uniq_eustachio, uniq_ijyb
D:5:      layout_rooms, nicolae_overflow_hidden_temple, old_standard_altar,
          serial_shops, shop_fountains
D:6:      gammafunk_steamed_eel, layout_loops_ring
D:7:      lemuel_upstairs_altar, layout_loops_corners, temple_fountains,
          uniq_crazy_yiuf_cottage
D:8:      layout_loops_ring, elyvilon_altar_3
D:9:      layout_long_grid, uniq_harold, uniq_pikel
Temple:   regret_index_temple_sphere_string

Skill      XL: |  1  2  3  4  5  6  7  8  9 |
---------------+----------------------------+-----
Conjurations   | 5 6 7 8 9 |  9.7
Spellcasting   | 4 5 6 7 8 10 | 10.1
Dodging        | 3 |  3.4
Fighting       | 1 2 3 4 |  4.9
Armour         | 1 3 |  3.3
Hexes          | 4 |  4.8
Air Magic      | 3 |  3.6
Stealth        | |  2.6

Action                   |  1- 3 |  4- 6 |  7- 9 | 10-12 || total
-------------------------+-------+-------+-------+-------++-------
Melee: Unarmed           |       |     6 |       |       ||     6
       Spear             |       |     6 |       |       ||     6
       Rapier            |       |       |    20 |       ||    20
 Cast: Magic Dart        |    59 |    99 |   114 |     3 ||   275
       Searing Ray       |       |    12 |    63 |     2 ||    77
       Swiftness         |       |       |     4 |     1 ||     5
  Use: Scroll            |       |       |    23 |       ||    23
 Stab: Sleeping          |       |       |     1 |       ||     1
Armor: Robe              |       |     7 |     1 |       ||     8
       Leather armour    |       |       |    12 |     1 ||    13
Dodge: Dodged            |     7 |    16 |    47 |       ||    70

Table legend: (Time is in decaauts)
 A = Elapsed time spent in this place.
 B = Non-inter-level travel time spent in this place.
 C = Inter-level travel time spent in this place.
 D = Time resting spent in this place.
 E = Time spent auto-exploring this place.
 F = Levels seen in this place.
 G = Mean time per level.
                   A        B        C        D        E       F      G
               +--------+--------+--------+--------+--------+-----+--------+
         Total |  11173 |  10892 |    281 |   1712 |   8171 |  10 | 1117.3 |
       Dungeon |  10905 |  10694 |    211 |   1712 |   7979 |   9 | 1211.7 |
        Temple |    267 |    197 |     70 |      0 |    192 |   1 |  267.0 |
               +--------+--------+--------+--------+--------+-----+--------+

Top non-repeatable levels by time:
     D:6: 2536 daAuts
     D:7: 1892 daAuts
     D:8: 1415 daAuts
     D:1: 1296 daAuts
     D:2: 1254 daAuts
     D:4: 1076 daAuts
     D:3: 957 daAuts
     D:5: 459 daAuts
  Temple: 267 daAuts
     D:9: 16 daAuts
